[Event "Titled Tuesday Blitz May 23 Late 2023"]
[White "Martinez Ramirez, Lennis"]
[Black "Bogaudinov, Rushan"]
[WhiteFideId "3509079"]
[BlackFideId "4129288"]
[WhiteElo "2410"]
[BlackElo "1941"]
[Result "1-0"]
[Round "01"]
[TimeControl "180+2"]
[Date "2023.05.23"]
[WhiteClock "0:00:09"]
[BlackClock "0:00:00"]

1. c4 e5 2. g3 Nf6 3. Bg2 g6 4. Nc3 Bg7 5. b4 O-O 6. e3 c6 7. b5 d5 8. bxc6 bxc6 9. cxd5 cxd5 10. Nge2 Nc6 11. O-O Be6 12. Ba3 Re8 13. Qa4 Rc8 14. Nb5 Ra8 15. Nd6 Bd7 16. Nxe8 Qxe8 17. Qd1 Qc8 18. Nc3 e4 19. Rc1 Qa6 20. Qa4 Na5 21. Qd1 Nc4 22. Bc5 Ne5 23. Bd4 Nd3 24. Rb1 h5 25. f3 Qc4 26. fxe4 Nxe4 27. Bxg7 Kxg7 28. Nxe4 dxe4 29. Rb7 Nc5 30. Qa1+ Kg8 31. Rc1 Qd5 32. Rc7 Nd3 33. R1c4 Re8 34. Rd4 Qa5 35. Rdxd7 Qxd2 36. Rxf7 1-0


[Site "https://www.chess.com"]

[Event "Titled Tuesday Blitz May 23 Late 2023"]
[White "Yirik, Volkan"]
[Black "Hamitevici, Vladimir"]
[WhiteFideId "6300782"]
[BlackFideId "13902393"]
[WhiteElo "1902"]
[BlackElo "2401"]
[Result "0-1"]
[Round "01"]
[TimeControl "180+2"]
[Date "2023.05.23"]
[WhiteClock "0:00:05"]
[BlackClock "0:00:06"]

1. e4 e6 2. d4 d5 3. Nc3 Bb4 4. exd5 exd5 5. Qf3 Ne7 6. Bd3 Nbc6 7. Ne2 Be6 8. O-O Qd7 9. h3 h6 10. a3 Bd6 11. Nb5 g5 12. Nxd6+ Qxd6 13. Qf6 O-O-O 14. f4 Rdg8 15. f5 Bd7 16. Qxd6 cxd6 17. c3 Re8 18. Ng3 f6 19. Bd2 h5 20. Rae1 h4 21. Nh1 Na5 22. Rf2 Nb3 23. Be3 Nc6 24. Rfe2 Nca5 25. Nf2 Nc4 26. Bxc4 dxc4 27. Ng4 Rhf8 28. Rf2 Re4 29. Kf1 Bc6 30. Nxf6 Rxf6 31. Bxg5 Rf7 32. f6 Kd7 33. Rxe4 Bxe4 34. Bxh4 Ke6 35. g4 Rh7 36. Bg3 Kf7 37. h4 Nc1 38. g5 Nd3 39. Re2 d5 40. Kg1 Kg6 41. Re3 b5 42. Re2 a5 43. Rh2 Kh5 44. Be5 Rf7 45. Kf1 Kg4 46. Ke2 Kf5 47. Ke3 Nxe5 48. dxe5 Kxe5 49. h5 Kf5 50. Rf2+ Kxg5 51. Rg2+ Bxg2 0-1


[Site "https://www.chess.com"]

[Event "Titled Tuesday Blitz May 23 Late 2023"]
[White "Klekowski, Maciej"]
[Black "Qiao, Cindy"]
[WhiteFideId "1132717"]
[BlackFideId "2620243"]
[WhiteElo "2540"]
[BlackElo "1777"]
[Result "1-0"]
[Round "01"]
[TimeControl "180+2"]
[Date "2023.05.23"]
[WhiteClock "0:02:01"]
[BlackClock "0:00:23"]

1. c4 e5 2. Nc3 Nf6 3. g3 Bc5 4. Bg2 d6 5. e3 O-O 6. Nge2 Nc6 7. O-O Bg4 8. h3 Bh5 9. g4 Bg6 10. d4 exd4 11. exd4 Bb6 12. f4 h6 13. f5 Bh7 14. Be3 Qe7 15. Qd2 Kh8 16. Rae1 Rfe8 17. Bf2 Qd7 18. Nf4 Rxe1 19. Rxe1 Re8 20. Rxe8+ Qxe8 21. a3 a6 22. b4 Nd8 23. Nfd5 Nxd5 24. Nxd5 h5 25. c5 dxc5 26. dxc5 Ba7 27. Nxc7 Qe7 28. Nd5 Qd7 29. f6 hxg4 30. fxg7+ Kxg7 31. Qd4+ Kf8 32. Qh8+ Bg8 33. Qh6+ Ke8 34. Nf6+ 1-0


[Site "https://www.chess.com"]

[Event "Titled Tuesday Blitz May 23 Late 2023"]
[White "ArchibaldCerveza29"]
[Black "benny_aizenberg"]
[WhiteElo "2396"]
[BlackElo "2703"]
[Result "1-0"]
[Round "01"]
[TimeControl "180+2"]
[Date "2023.05.23"]
[WhiteClock "0:00:05"]
[BlackClock "0:00:00"]

1. d4 f5 2. Nf3 Nf6 3. c4 g6 4. Nc3 Bg7 5. g3 O-O 6. Bg2 d6 7. O-O c6 8. b3 Nbd7 9. Ba3 Qa5 10. Qc1 Ne4 11. Bb2 Nxc3 12. Bxc3 Qc7 13. Rd1 e5 14. dxe5 dxe5 15. Qa3 e4 16. Bxg7 Kxg7 17. Ng5 Nf6 18. Rd2 h6 19. Nh3 g5 20. Rad1 Be6 21. Rd6 Rad8 22. c5 Bd5 23. f3 e3 24. Kh1 a6 25. Rxd8 Rxd8 26. Qc1 Re8 27. Qc3 Kg6 28. b4 Qe5 29. Qxe5 Rxe5 30. f4 Re6 31. fxg5 hxg5 32. a3 Ne4 33. Kg1 Nc3 34. Re1 Bc4 35. Bf3 Kf6 36. g4 f4 37. Kg2 Re8 38. Ng1 Rd8 39. Rc1 Nxe2 40. Rxc4 Nd4 41. Ne2 Nb5 42. a4 Nc7 43. Rd4 Rxd4 44. Nxd4 Ke5 45. Nf5 a5 46. bxa5 Na6 47. Kf1 Nxc5 48. Ke2 Nxa4 49. h4 gxh4 50. Nxh4 Kf6 51. Ng2 Kg5 52. Kd3 Nc5+ 53. Kc4 Ne6 54. Kd3 Nc5+ 55. Kc4 Ne6 56. Kd3 Kf6 57. Ke4 Kg5 58. Ke5 Nf8 59. Nxf4 Nd7+ 60. Ke4 Nc5+ 61. Ke5 Nb3 62. Ke4 Nxa5 63. Kxe3 Nc4+ 64. Ke4 Nd6+ 65. Ke5 Nf7+ 66. Ke4 b5 67. Ne6+ Kf6 68. Nd4 Ng5+ 69. Kf4 c5 70. Nxb5 Ne6+ 71. Kg3 Kg5 72. Nc3 c4 73. Ne4+ Kg6 74. Be2 c3 75. Nxc3 Nd4 76. Bd3+ Kf6 77. Ne4+ Kg7 78. Kf4 Ne6+ 79. Ke5 Nd8 80. Nd6 Nc6+ 81. Kd5 Nb4+ 82. Ke4 Nc6 83. Nf5+ Kf6 84. Ng3 Kg5 85. Be2 Nd8 86. Kf3 Ne6 87. Ne4+ Kg6 88. Kg3 Nd4 89. Bd3 Kh6 90. Nd6 Kg5 91. Nf7+ Kf6 92. Nd6 Kg5 93. Ne4+ Kg6 94. Kf4 Ne6+ 95. Ke5 Nf8 96. Kf4 Ne6+ 97. Kg3 Nd4 98. Kh4 Nf3+ 99. Kh3 Ne5 100. Be2 Kh6 101. g5+ Kg6 102. Kh4 Kf5 103. Ng3+ Kg6 104. Bd1 Nf7 105. Bc2+ Kg7 106. Kg4 Ne5+ 107. Kf5 Nc6 108. Nh5+ Kg8 109. Bb3+ Kf8 110. g6 Nd4+ 111. Kg5 Nxb3 112. g7+ Kf7 113. Kh6 Nd4 114. Kh7 Ne6 115. g8=Q+ Ke7 116. Kg6 Nf8+ 117. Kg7 Ne6+ 118. Kh8 Nd8 119. Ng7 Nf7+ 120. Kh7 Ne5 121. Kh6 Nd7 122. Qe8+ Kd6 123. Nf5+ Kc7 124. Kg6 1-0


[Site "https://www.chess.com"]

[Event "Titled Tuesday Blitz May 23 Late 2023"]
[White "Morefield, Jason"]
[Black "Ziatdinov, Raset"]
[WhiteFideId "30920825"]
[BlackFideId "2015323"]
[WhiteElo "2171"]
[BlackElo "2220"]
[Result "1-0"]
[Round "01"]
[TimeControl "180+2"]
[Date "2023.05.23"]
[WhiteClock "0:01:17"]
[BlackClock "0:00:28"]

1. e4 e6 2. d4 d5 3. e5 c5 4. c3 Nc6 5. Nf3 Bd7 6. Be2 Rc8 7. O-O cxd4 8. cxd4 Qb6 9. Nc3 Nh6 10. Bxh6 gxh6 11. Qd2 Rg8 12. Kh1 Be7 13. Rac1 a6 14. Na4 Qa7 15. Nc5 b5 16. Rc2 Bd8 17. Rfc1 Ba5 18. Qxh6 Nb4 19. Nxd7 Kxd7 20. Qxh7 1-0


[Site "https://www.chess.com"]

[Event "Titled Tuesday Blitz May 23 Late 2023"]
[White "Gasparyan, David"]
[Black "Goltsev, Dmitry"]
[WhiteFideId "13311980"]
[BlackFideId "24176710"]
[WhiteElo "2395"]
[BlackElo "2356"]
[Result "0-1"]
[Round "01"]
[TimeControl "180+2"]
[Date "2023.05.23"]
[WhiteClock "0:01:24"]
[BlackClock "0:01:09"]

1. Nf3 d5 2. g3 c6 3. Bg2 Nf6 4. O-O g6 5. c4 Bg7 6. Qa4 O-O 7. cxd5 Nxd5 8. Nc3 Nd7 9. Qh4 e5 10. d3 Qxh4 11. Nxh4 Nxc3 12. bxc3 e4 13. Bxe4 Bxc3 14. Rb1 Nc5 15. Bg2 Be6 16. Be3 b6 17. Bxc6 Rac8 18. Bg2 Bxa2 19. Rbc1 Bb2 20. Rc2 Na4 21. Rd2 Bb3 22. d4 Bc3 23. Rd3 Bc2 24. Bh6 Bxd3 25. Bxf8 Bxe2 26. Ba3 Bxf1 27. Bxf1 Bxd4 28. Bb5 Nc3 29. Bd3 Nd1 30. Nf3 Bxf2+ 31. Kf1 Bc5 32. Bc1 Ne3+ 33. Ke2 Nd5 34. Bd2 Re8+ 35. Kd1 Be3 36. Be1 a5 37. Bb5 Rd8 38. Ke2 Bc5 39. Ne5 Bb4 40. Nc6 Re8+ 41. Kd3 Rxe1 42. Bc4 Rd1+ 43. Kc2 Ne3+ 44. Kb2 Nxc4+ 45. Kc2 Ne3+ 46. Kb2 Rb1+ 47. Kxb1 Nf1 48. Nd4 Nxh2 49. Kc2 Nf1 50. g4 Ne3+ 51. Kd3 Nxg4 52. Ke4 f5+ 53. Kf3 Ne5+ 54. Kf4 Nc4 55. Kg5 Bd2+ 56. Kf6 Bc3 57. Ke6 Bxd4 58. Kd5 Bc5 0-1


[Site "https://www.chess.com"]

[Event "Titled Tuesday Blitz May 23 Late 2023"]
[White "Horvath, Dominik"]
[Black "Prydun, Andriy"]
[WhiteFideId "1642561"]
[BlackFideId "14145898"]
[WhiteElo "2407"]
[BlackElo "2164"]
[Result "0-1"]
[Round "01"]
[TimeControl "180+2"]
[Date "2023.05.23"]
[WhiteClock "0:00:14"]
[BlackClock "0:00:10"]

1. d4 Nf6 2. Nf3 e6 3. Bf4 Nd5 4. Bg3 Bd6 5. e4 Nb6 6. Nc3 Bxg3 7. hxg3 d6 8. Bd3 Nc6 9. Qd2 Qe7 10. O-O-O Bd7 11. Rh5 O-O-O 12. Rdh1 h6 13. g4 f6 14. a3 e5 15. d5 Nd4 16. R5h4 Nxf3 17. gxf3 Qe8 18. R4h2 Qg6 19. Ne2 Rde8 20. Qa5 Kb8 21. Kb1 Re7 22. c4 Nc8 23. c5 dxc5 24. Qxc5 Nd6 25. Rc1 Rc8 26. Rc3 Qg5 27. Rh1 g6 28. Rhc1 Rh7 29. Qb4 Be8 30. Qxd6 Qxc1+ 31. Rxc1 cxd6 32. Rh1 h5 33. f4 h4 34. fxe5 fxe5 35. f4 g5 36. f5 a6 37. Ng1 Ba4 38. Nh3 Rg8 39. Rf1 Rf7 40. Rf2 Bd1 41. Be2 Bxe2 42. Rxe2 Rc7 43. Rf2 Rc4 44. f6 Rxe4 45. f7 Rf8 46. Nxg5 Rf4 47. Rg2 R4xf7 48. Nxf7 Rxf7 49. Rh2 Rf4 50. Rxh4 Ka7 51. Kc2 Rd4 52. Kc3 a5 53. b3 Rxd5 54. g5 e4 55. Rg4 e3 56. g6 Re5 57. g7 e2 58. Rg1 Rg5 59. Re1 Rxg7 60. Rxe2 Kb6 61. Re6 Kc6 62. Rh6 Rg3+ 63. Kb2 b6 64. a4 Kc5 65. Rh8 d5 66. Rc8+ Kb4 67. Rc2 Rxb3+ 68. Ka2 Ra3+ 69. Kb2 Rxa4 70. Rd2 Kc5 71. Kb3 Rc4 72. Rh2 a4+ 73. Ka3 b5 74. Rh8 Rc3+ 75. Kb2 Rg3 76. Rc8+ Kb4 77. Rd8 Rg2+ 78. Ka1 Rd2 79. Rh8 d4 80. Rh3 Rc2 81. Rh1 a3 82. Rb1+ Kc4 83. Rf1 b4 84. Rf8 Kb3 85. Rf1 d3 86. Rd1 d2 87. Rb1+ Ka4 88. Rd1 Rc1+ 89. Ka2 b3# 0-1


[Site "https://www.chess.com"]

[Event "Titled Tuesday Blitz May 23 Late 2023"]
[White "Ammar, Sedrani"]
[Black "Sun, Rick"]
[WhiteFideId "9312331"]
[BlackFideId "30909481"]
[WhiteElo "2115"]
[BlackElo "2169"]
[Result "0-1"]
[Round "01"]
[TimeControl "180+2"]
[Date "2023.05.23"]
[WhiteClock "0:00:16"]
[BlackClock "0:00:18"]

1. c4 d6 2. Nc3 Nf6 3. e4 g6 4. Nf3 Bg7 5. b3 O-O 6. Qc2 Nc6 7. Bb2 Bg4 8. Be2 Qd7 9. O-O e5 10. Nd5 Ne7 11. h3 Bxf3 12. Bxf3 c6 13. Nxe7+ Qxe7 14. d4 Rfe8 15. Rfe1 Nd7 16. Rad1 Rad8 17. dxe5 dxe5 18. Rd2 Bh6 19. Rd3 Nc5 20. Rxd8 Rxd8 21. Ba3 Rd4 22. Rd1 b6 23. Rxd4 exd4 24. Qd1 Qe5 25. Bxc5 bxc5 26. g3 Bg7 27. Kg2 h5 28. h4 Bf6 29. Qd3 Kg7 30. Be2 Qe7 31. f4 Qc7 32. e5 Be7 33. Bf3 Qa5 34. Qe2 Qc3 35. Be4 a5 36. Qc2 Qe1 37. Bxc6 Bd8 38. Be4 a4 39. bxa4 Ba5 40. Bd3 Bd2 41. a5 Be3 42. a6 Qg1+ 43. Kf3 Qh1+ 44. Qg2 Qd1+ 45. Qe2 Qa4 46. Qc2 Qxa6 47. Qb3 Qa5 48. e6 Qd2 49. e7 Qe1 50. e8=Q Qh1+ 51. Ke2 Qg2+ 52. Ke1 Qd2+ 53. Kf1 Qf2# 0-1


[Site "https://www.chess.com"]

[Event "Titled Tuesday Blitz May 23 Late 2023"]
[White "Bellissimo, Joseph F."]
[Black "Gritsenko, Nikolai"]
[WhiteFideId "2609843"]
[BlackFideId "14112493"]
[WhiteElo "2103"]
[BlackElo "2389"]
[Result "0-1"]
[Round "01"]
[TimeControl "180+2"]
[Date "2023.05.23"]
[WhiteClock "0:00:08"]
[BlackClock "0:00:05"]

1. e4 d5 2. exd5 Nf6 3. d4 Bg4 4. f3 Bf5 5. c4 e6 6. dxe6 Nc6 7. Be3 Nb4 8. Na3 fxe6 9. g4 Bg6 10. h4 h6 11. h5 Bh7 12. Kf2 Bd6 13. Kg2 O-O 14. Be2 Nc6 15. Nb5 a6 16. Nxd6 Qxd6 17. Qd2 Rf7 18. Rd1 Raf8 19. Bf4 Qe7 20. Nh3 Nxh5 21. gxh5 Rxf4 22. Nxf4 Qg5+ 23. Kf2 Rxf4 24. Rdg1 Qf6 25. d5 Nd4 26. Rh3 e5 27. Rhg3 Nf5 28. Rg4 Rd4 29. Rxd4 Nxd4 30. Rg4 Bf5 31. Rg3 Qh4 32. Kg2 Qxh5 33. Bd1 Qh4 34. c5 Qf6 35. Qe3 Bg6 36. Bb3 Kh7 37. Rg4 h5 38. Rg5 Nxf3 39. Rxg6 Nh4+ 40. Kh2 Qxg6 41. Qf2 Qg4 42. Bc2+ e4 43. d6 Nf3+ 44. Kh1 Qh3+ 45. Qh2 Qxh2# 0-1


[Site "https://www.chess.com"]

[Event "Titled Tuesday Blitz May 23 Late 2023"]
[White "Annaberdiyev, Meylis"]
[Black "Arnold, Ken"]
[WhiteFideId "14000563"]
[BlackFideId "2056836"]
[WhiteElo "2416"]
[BlackElo "2386"]
[Result "0-1"]
[Round "01"]
[TimeControl "180+2"]
[Date "2023.05.23"]
[WhiteClock "0:00:00"]
[BlackClock "0:00:30"]

1. e4 c6 2. d4 d5 3. e5 Bf5 4. h4 h5 5. Bd3 Bxd3 6. Qxd3 e6 7. Bg5 Qb6 8. Nd2 Qb5 9. Qb3 Na6 10. Ne2 Nh6 11. Ng3 Nf5 12. Nxf5 exf5 13. Qxb5 cxb5 14. a3 Rc8 15. c3 Be7 16. Nf1 Nc7 17. Ne3 g6 18. Bxe7 Kxe7 19. g3 Rhd8 20. O-O Ne6 21. a4 b4 22. Rfc1 bxc3 23. bxc3 b6 24. Rab1 Rc7 25. a5 bxa5 26. Rb5 Nxd4 27. Rb2 Nf3+ 28. Kg2 Nxe5 29. Rb5 Ke6 30. Rxa5 d4 31. Ra6+ Rd6 32. Rxd6+ Kxd6 33. Rd1 Rxc3 34. Rxd4+ Ke6 35. Ra4 Rc7 36. Ra6+ Nc6 37. Nc4 Kd5 38. Ne3+ Kc5 39. Ra1 a5 40. Rc1+ Kb5 41. Nd5 Rd7 42. Rb1+ Nb4 43. Nc3+ Kc4 44. Na4 Rd6 45. Rc1+ Kb3 46. Ra1 Nc2 47. Nc5+ Kb4 48. Rc1 Kxc5 49. Rxc2+ Kb4 50. Rc7 Ra6 51. Rb7+ Kc3 52. Rc7+ Kb2 53. Rb7+ Kc3 54. Rc7+ Kb4 55. Rb7+ Kc5 56. Rc7+ Kb6 0-1


[Site "https://www.chess.com"]

[Event "Titled Tuesday Blitz May 23 Late 2023"]
[White "Davidson, Kevin"]
[Black "Maltsevskaya, Aleksandra"]
[WhiteFideId "2056810"]
[BlackFideId "24174041"]
[WhiteElo "2151"]
[BlackElo "2302"]
[Result "0-1"]
[Round "01"]
[TimeControl "180+2"]
[Date "2023.05.23"]
[WhiteClock "0:00:02"]
[BlackClock "0:00:19"]

1. e4 c5 2. Nf3 e6 3. d4 cxd4 4. Nxd4 Nc6 5. Nc3 Nf6 6. Ndb5 Bc5 7. Nd6+ Ke7 8. Bf4 e5 9. Nf5+ Kf8 10. Bg5 h6 11. Bxf6 Qxf6 12. Nd5 Qd8 13. c3 f6 14. b4 Bb6 15. Bc4 d6 16. Nxb6 axb6 17. Nxd6 Ke7 18. Qh5 Qxd6 19. Qf7+ Kd8 20. Rd1 Nd4 21. cxd4 Rf8 22. dxe5 Qxd1+ 23. Kxd1 Rxf7 24. Bxf7 Ke7 25. Bd5 Be6 26. exf6+ gxf6 27. Bxe6 Kxe6 28. Ke2 Rxa2+ 29. Kf3 Rb2 30. Rc1 Rb3+ 31. Kf4 Rxb4 32. g4 Rb2 33. Kg3 b5 34. Rc7 b4 35. Rxb7 b3 36. Rb5 Rb1 37. Kf4 Kf7 38. h4 b2 39. h5 Ke7 40. f3 Kf7 41. Rb7+ Ke6 42. Rb6+ Kf7 43. Rb3 Ke6 44. Rb4 Kf7 45. Kf5 Rf1 46. Rb7+ Kf8 47. Rxb2 Rxf3+ 48. Kg6 Rf4 49. Rg2 Rxe4 50. Kxf6 Kg8 51. Kf5 Rb4 52. Re2 Rb5+ 53. Re5 Rb6 54. Rc5 Kg7 55. Rc7+ Kg8 56. Rc5 Kg7 57. Re5 Rf6+ 58. Ke4 Rb6 59. Kf4 Kf6 60. Rf5+ Kg7 61. Re5 Kf6 62. Re4 Ra6 63. Rb4 Rc6 64. Rc4 Rxc4+ 65. Kg3 Kg5 0-1


[Site "https://www.chess.com"]

[Event "Titled Tuesday Blitz May 23 Late 2023"]
[White "Prohaszka, Peter"]
[Black "Lima, Kleyton Alcantara"]
[WhiteFideId "726265"]
[BlackFideId "22718397"]
[WhiteElo "2626"]
[BlackElo "2009"]
[Result "0-1"]
[Round "01"]
[TimeControl "180+2"]
[Date "2023.05.23"]
[WhiteClock "0:00:01"]
[BlackClock "0:00:28"]

1. d4 Nf6 2. c3 g6 3. Bg5 Bg7 4. Nd2 d5 5. e3 O-O 6. Bd3 Nbd7 7. f4 b6 8. Ngf3 Bb7 9. Ne5 c5 10. h4 h6 11. h5 Nxh5 12. Rxh5 gxh5 13. Qxh5 Nf6 14. Qh4 Ne4 15. Bxe7 Qc7 16. Nxe4 dxe4 17. Bc4 cxd4 18. exd4 Bxe5 19. fxe5 Qxc4 20. Qg4+ Kh7 21. Qf5+ Kg8 22. Qg4+ Kh7 23. Qf5+ Kg8 24. Bf6 Qe6 25. Qf4 Kh7 26. O-O-O Rg8 27. Rh1 Rg6 28. Bg5 Qxa2 29. Rxh6+ Rxh6 30. Bxh6 Qe6 31. Bg5 Qg6 32. Qh4+ Kg8 33. Bf6 Qh7 34. Qg4+ Qg6 35. Qh4 Qh7 36. Qg4+ Kf8 37. Qd7 Ba6 38. Qc6 Rc8 39. Qd6+ Kg8 40. Kb1 e3+ 41. Ka2 e2 42. e6 Bc4+ 43. Ka3 Bxe6 44. Qg3+ Qg6 45. Qh4 Qh7 46. Qg3+ Qg6 47. Qh4 Qxf6 48. Qxf6 e1=Q 49. Qg5+ Kf8 50. Qh6+ Ke7 51. Qg5+ Kd7 52. Qb5+ Rc6 53. Kb4 a5+ 54. Ka3 Qa1# 0-1


[Site "https://www.chess.com"]

[Event "Titled Tuesday Blitz May 23 Late 2023"]
[White "Evdokimov, Alexey"]
[Black "Timmermans, Mark"]
[WhiteFideId "24162450"]
[BlackFideId "1026399"]
[WhiteElo "2154"]
[BlackElo "2460"]
[Result "0-1"]
[Round "01"]
[TimeControl "180+2"]
[Date "2023.05.23"]
[WhiteClock "0:01:58"]
[BlackClock "0:02:31"]

1. e4 e5 2. Nf3 Nc6 3. Nc3 Nf6 4. Bb5 Nd4 5. Nxd4 exd4 6. e5 dxc3 7. exf6 Qxf6 8. dxc3 Qe5+ 9. Qe2 Qxe2+ 10. Bxe2 d5 11. O-O Bd6 12. Re1 O-O 13. Bf3 c6 14. Be3 Bf5 15. Rac1 a5 16. g3 a4 17. a3 Rfe8 18. Be2 f6 19. Bd3 Bh3 20. Bf1 Bg4 21. Be2 Bxe2 22. Rxe2 Ra5 23. Kf1 Rb5 24. Rb1 Bxa3 25. Ra1 Bxb2 26. Rxa4 Bxc3 27. Kg2 d4 0-1


[Site "https://www.chess.com"]

[Event "Titled Tuesday Blitz May 23 Late 2023"]
[White "Najer, Evgeniy"]
[Black "FromTexas54"]
[WhiteFideId "4118987"]
[WhiteElo "2545"]
[BlackElo "2374"]
[Result "1-0"]
[Round "01"]
[TimeControl "180+2"]
[Date "2023.05.23"]
[WhiteClock "0:01:21"]
[BlackClock "0:00:12"]

1. d4 Nf6 2. c4 g6 3. Nc3 Bg7 4. e4 d6 5. Be2 O-O 6. Be3 e5 7. d5 a5 8. g4 Ne8 9. Qd2 Na6 10. O-O-O Nc5 11. h4 f5 12. exf5 gxf5 13. g5 b6 14. f4 e4 15. Nh3 Kh8 16. h5 h6 17. Rhg1 Qe7 18. gxh6 Bxh6 19. Rg6 Kh7 20. Rdg1 Nf6 21. Bd4 Rf7 22. Rxh6+ Kxh6 23. Rg6+ Kh7 24. Ng5+ 1-0


[Site "https://www.chess.com"]

[Event "Titled Tuesday Blitz May 23 Late 2023"]
[White "Guzman Moneo, Alberto"]
[Black "Simonian, Hrair"]
[WhiteFideId "2209616"]
[BlackFideId "13302337"]
[WhiteElo "2157"]
[BlackElo "2447"]
[Result "0-1"]
[Round "01"]
[TimeControl "180+2"]
[Date "2023.05.23"]
[WhiteClock "0:01:20"]
[BlackClock "0:01:15"]

1. e4 c5 2. Nc3 d6 3. f4 g6 4. Nf3 Bg7 5. Bc4 e6 6. d3 Nc6 7. O-O Nge7 8. f5 gxf5 9. Qe1 O-O 10. Qh4 fxe4 11. dxe4 Ng6 12. Qg3 Nce5 13. Nxe5 Bxe5 14. Qg4 Qh4 15. Qxh4 Nxh4 16. Bh6 Bd4+ 17. Kh1 Bg7 18. Bxg7 Kxg7 19. Rad1 Bd7 20. Rxd6 Bc6 21. Bb5 Bxb5 22. Nxb5 Ng6 23. Rd7 Rad8 24. Rxb7 Rb8 25. Rxb8 Rxb8 26. b3 Rxb5 0-1


[Site "https://www.chess.com"]

[Event "Titled Tuesday Blitz May 23 Late 2023"]
[White "carokannlover213"]
[Black "Kaganskiy, Gleb"]
[BlackFideId "4132025"]
[WhiteElo "2679"]
[BlackElo "2165"]
[Result "1-0"]
[Round "01"]
[TimeControl "180+2"]
[Date "2023.05.23"]
[WhiteClock "0:01:20"]
[BlackClock "0:00:34"]

1. e4 c6 2. Nf3 d5 3. d3 dxe4 4. dxe4 Qxd1+ 5. Kxd1 f6 6. Be3 e5 7. Nfd2 Be6 8. a4 Nd7 9. c3 Bc5 10. Ke2 O-O-O 11. f3 Ne7 12. b4 Bxe3 13. Kxe3 c5 14. Bc4 Nf8 15. bxc5 Kc7 16. Na3 a6 17. Nb3 Bxc4 18. Nxc4 Ne6 19. Rhd1 Rxd1 20. Rxd1 Rd8 21. Rd6 Nf4 22. g3 Nfg6 23. Rb6 Nc8 24. Rb4 Nf8 25. Nba5 Ne6 26. Rxb7# 1-0


[Site "https://www.chess.com"]

[Event "Titled Tuesday Blitz May 23 Late 2023"]
[White "Figorito, Nick"]
[Black "MKlose11"]
[WhiteFideId "30923689"]
[WhiteElo "2371"]
[BlackElo "2676"]
[Result "0-1"]
[Round "01"]
[TimeControl "180+2"]
[Date "2023.05.23"]
[WhiteClock "0:00:10"]
[BlackClock "0:00:13"]

1. Nf3 Nf6 2. g3 c5 3. Bg2 Nc6 4. d4 cxd4 5. Nxd4 g6 6. c4 Bg7 7. Nc2 O-O 8. O-O d6 9. Nc3 Bd7 10. b3 Qa5 11. Bb2 Qh5 12. Qd2 Bh3 13. Ne3 Bxg2 14. Kxg2 Rfe8 15. Ncd5 Nxd5 16. Nxd5 Rac8 17. Bxg7 Kxg7 18. a4 Qe5 19. Rad1 Kg8 20. h4 h5 21. Qe3 Qxe3 22. Nxe3 Na5 23. Rd3 b6 24. Nd5 Nb7 25. Re3 Kf8 26. f3 Nc5 27. g4 hxg4 28. fxg4 e6 29. Nf6 Red8 30. Ne4 Kg7 31. Nxc5 bxc5 32. Ref3 Rc7 33. Rh1 d5 34. cxd5 Rxd5 35. Rc1 Rd4 36. Kg3 Re4 37. Rf2 Rb7 38. Rc3 Rbb4 39. Rxc5 Rxg4+ 40. Kf3 Rxh4 41. Ke3 Rxb3+ 42. Kd2 Rb7 43. Ra5 Rd7+ 44. Kc3 Rhd4 45. Ra6 R4d5 46. e4 R5d6 47. Kc4 Rxa6 48. e5 Rb6 49. Kc5 Rbb7 50. a5 Rbc7+ 51. Kb4 Rd5 52. a6 Rcd7 53. Kc4 Rxe5 54. Rb2 Rd6 55. Rb7 Rxa6 56. Kd4 Rd5+ 57. Ke4 Ra4+ 58. Ke3 Rad4 59. Ke2 Kf6 60. Ke3 g5 61. Kf3 Kg6 62. Kg3 f6 63. Kf3 Kf5 64. Kg3 g4 65. Kf2 Rd2+ 66. Ke3 R5d3# 0-1


[Site "https://www.chess.com"]

[Event "Titled Tuesday Blitz May 23 Late 2023"]
[White "Zwirs, Nico"]
[Black "Kohler, Aran"]
[WhiteFideId "1036432"]
[BlackFideId "1002856"]
[WhiteElo "2381"]
[BlackElo "2371"]
[Result "1-0"]
[Round "01"]
[TimeControl "180+2"]
[Date "2023.05.23"]
[WhiteClock "0:00:06"]
[BlackClock "0:00:00"]

1. e4 c6 2. d4 d5 3. exd5 cxd5 4. c4 Nf6 5. Nc3 Nc6 6. Bg5 e6 7. Nf3 Be7 8. c5 O-O 9. Bb5 Ne4 10. Bxe7 Qxe7 11. Rc1 Nxc3 12. Rxc3 Bd7 13. O-O Rac8 14. Re1 Qe8 15. Bd3 h6 16. Bc2 f5 17. Ba4 Nxd4 18. Qxd4 Bxa4 19. Rce3 Bd7 20. b4 a6 21. Ne5 Rf6 22. f4 Bb5 23. Rg3 Kh7 24. h3 Rc7 25. Ree3 Qh5 26. Nf3 Qf7 27. Kh2 Bc4 28. a4 Qe8 29. Qe5 Re7 30. a5 Bb5 31. Nd4 Rff7 32. Re1 Bd7 33. Rge3 Rf6 34. Nf3 Bc8 35. Qd4 Rg6 36. Nh4 Rf6 37. Re5 Qh5 38. Nf3 Qg6 39. Rxd5 exd5 40. Rxe7 Re6 41. Rc7 Re2 42. Nh4 Re4 43. Qxd5 Qe6 44. Qxe6 Bxe6 45. Rxb7 Rxf4 46. Nf3 Bc4 47. Rb6 Bb5 48. Kg3 Rxb4 49. c6 Rc4 50. Ne5 f4+ 51. Kf3 Rc3+ 52. Kxf4 Ra3 53. Kf5 Rc3 54. Ke6 g5 55. Kd6 Kg7 56. c7 Kf6 57. Nc6 Rd3+ 58. Kc5 Rc3+ 59. Kb4 Rc4+ 60. Kb3 1-0


[Site "https://www.chess.com"]

[Event "Titled Tuesday Blitz May 23 Late 2023"]
[White "Mickiewicz, Piotr"]
[Black "Domingo Nunez, Ruben"]
[WhiteFideId "1114891"]
[BlackFideId "22245570"]
[WhiteElo "2246"]
[BlackElo "2404"]
[Result "0-1"]
[Round "01"]
[TimeControl "180+2"]
[Date "2023.05.23"]
[WhiteClock "0:00:06"]
[BlackClock "0:01:15"]

1. Nf3 g6 2. g3 Bg7 3. Bg2 Nf6 4. O-O d6 5. c4 O-O 6. Nc3 Nbd7 7. d3 c5 8. Rb1 Rb8 9. a3 Ne8 10. Qc2 Nc7 11. b4 b6 12. Bb2 Bb7 13. Rfd1 Ne6 14. e3 Re8 15. Nd5 f6 16. d4 Rc8 17. Qe2 Bc6 18. Rbc1 Ba4 19. Rd2 Nc7 20. Nc3 Bc6 21. d5 Bb7 22. Bh3 Rb8 23. e4 Bc8 24. Rcd1 Rf8 25. Rd3 Ba6 26. b5 Bc8 27. Kg2 a6 28. a4 axb5 29. cxb5 Ne5 30. Nxe5 Bxh3+ 31. Kxh3 fxe5 32. Kg2 Qd7 33. Rf3 Rf6 34. Rdd3 Bh6 35. Rxf6 exf6 36. Rf3 Bg7 37. Bc1 Rf8 38. h3 f5 39. Rd3 f4 40. Qg4 Qf7 41. Rf3 h5 42. Qg5 Bf6 43. Qh6 Qg7 44. Qxg7+ Kxg7 45. g4 hxg4 46. hxg4 Ra8 47. Rh3 Ne8 48. Kf3 Be7 49. Rh1 Nf6 50. Bd2 Nh7 51. Ra1 Ng5+ 52. Kg2 Bd8 53. f3 Bc7 54. a5 bxa5 55. Na4 Rb8 56. Rb1 Nh7 57. b6 Bd8 58. Bxa5 Nf6 59. Bd2 Nd7 60. Ba5 Kf7 61. Rb5 Ke8 62. Kf2 Rb7 63. Ke2 Nb8 64. Kd3 Kd7 65. Kc4 Kc8 66. Rb2 Nd7 67. Rh2 Nxb6+ 68. Bxb6 Bxb6 69. Kb5 Bd8+ 70. Kc6 Rb4 71. Ra2 Bc7 72. Nxc5 Rb6# 0-1


[Site "https://www.chess.com"]

[Event "Titled Tuesday Blitz May 23 Late 2023"]
[White "Camilla_Lee"]
[Black "Gerbelli Neto, Eduardo"]
[BlackFideId "2103281"]
[WhiteElo "2674"]
[BlackElo "2178"]
[Result "1-0"]
[Round "01"]
[TimeControl "180+2"]
[Date "2023.05.23"]
[WhiteClock "0:00:57"]
[BlackClock "0:00:05"]

1. e4 e5 2. Nf3 Nc6 3. Nc3 Nf6 4. d4 exd4 5. Nd5 Nb4 6. Bc4 Nbxd5 7. exd5 Bb4+ 8. Bd2 Qe7+ 9. Qe2 Qxe2+ 10. Kxe2 Bxd2 11. Kxd2 O-O 12. Nxd4 c6 13. f3 cxd5 14. Bb3 d6 15. Nb5 Be6 16. Nxd6 b6 17. Nb5 Rfc8 18. c3 Nd7 19. Rhe1 Nc5 20. Bc2 g6 21. Nd4 Bd7 22. Re7 Re8 23. Rae1 Kf8 24. Rxe8+ Rxe8 25. Rxe8+ Kxe8 26. Ke3 Ke7 27. h4 Kd6 28. Kf4 h6 29. g4 a5 30. g5 h5 31. Ke3 Ne6 32. f4 Nc5 33. b3 Ne6 34. Nf3 Ng7 35. Ne5 Be6 36. Nf3 Nf5+ 37. Bxf5 Bxf5 38. Kd4 Bb1 39. a3 Bf5 40. Ne5 Be6 41. b4 axb4 42. cxb4 Kc7 43. a4 Kd6 44. a5 bxa5 45. bxa5 Kc7 46. Kc5 Kb7 47. Kb5 Ka7 48. Nc6+ Kb7 49. a6+ Kc7 50. Nd4 Kb8 51. Kb6 Bc8 52. a7+ Ka8 53. Nb5 1-0


[Site "https://www.chess.com"]

[Event "Titled Tuesday Blitz May 23 Late 2023"]
[White "Sarkar, Justin"]
[Black "Godzwon, Iwo"]
[WhiteFideId "2010011"]
[BlackFideId "21802483"]
[WhiteElo "2168"]
[BlackElo "2284"]
[Result "0-1"]
[Round "01"]
[TimeControl "180+2"]
[Date "2023.05.23"]
[WhiteClock "0:00:00"]
[BlackClock "0:01:25"]

1. e4 c5 2. Nf3 e6 3. d4 cxd4 4. Nxd4 Nf6 5. Nc3 d6 6. Bd3 a6 7. O-O b5 8. a4 b4 9. Na2 Bb7 10. Nxb4 d5 11. exd5 Bxb4 12. dxe6 O-O 13. exf7+ Rxf7 14. Bc4 Bd5 15. Ne6 Qd7 16. Bxd5 Qxd5 17. Qxd5 Nxd5 18. Rd1 Rd7 19. c3 Be7 20. Bg5 Bxg5 21. Nxg5 Nf6 22. a5 Nc6 23. Rxd7 Nxd7 24. b4 Nde5 25. Rd1 Na7 26. Kf1 Nb5 27. Ne4 Rc8 28. Rd5 Ng4 29. h3 Nf6 30. Nxf6+ gxf6 31. Rd7 Rxc3 32. Rb7 Rc6 0-1


[Site "https://www.chess.com"]